 Dungeon Crawl Stone Soup version 0.31-a0-1074-g0b22e4e0f1 (console) character file.

Game seed: 3706272270017962561

549 MakMorn the Magician (level 7, -6/53 HPs)
             Began as a Djinni Air Elementalist on Dec 3, 2023.
             Mangled by a hornet zombie (10 damage)
             ... on level 5 of the Dungeon.
             The game lasted 00:08:56 (4193 turns).

MakMorn the Magician (Djinni Air Elementalist)      Turns: 4193, Time: 00:08:57

Health: -6/53      AC:  2    Str:  7    XL:     7   Next: 54%
Gold:   220        EV: 12    Int: 19    God:
                   SH:  0    Dex: 13

rFire   + + +        l - +0 dagger (flame)
rCold   . . .        (no shield)
rNeg    . . .        a - +0 robe
rPois   ∞            (no helmet)
rElec   .            b - scarf {rC+ rF+}
rCorr   .            (no gloves)
SInv    .            (boots unavailable)
Will    .....        (no amulet)
Stlth   ++           (no ring)
HPRegen 0.28/turn    (no ring)
MPRegen 0.00/turn

%: infuse magic (-7 HP)
@: flying
A: sickness immunity, fire resistance 2, cold vulnerability 1, float, innate
caster, HP casting, extra vitality 1
a: no special abilities


You were on level 5 of the Dungeon.
You visited 1 branch of the dungeon, and saw 5 of its levels.

You collected 220 gold pieces.

Inventory:

Hand Weapons
 e - a +0 dagger
 l - a +0 dagger of flaming (weapon)
 w - a +0 spear
Missiles
 c - 29 stones
 i - 11 boomerangs
Armour
 a - a +0 robe (worn)
 b - a scarf of resistance (worn)
Magical Staves
 h - a staff of earth
 v - a staff of poison
Wands
 z - a wand of flame (43)
Scrolls
 f - 2 scrolls of fear {unknown}
 g - 5 scrolls of identify {unknown}
 j - 2 scrolls of amnesia {unknown}
 k - 2 scrolls of immolation {unknown}
 m - a scroll of brand weapon {unknown}
 o - a scroll of fog {unknown}
 p - a scroll of torment {unknown}
 q - a scroll of enchant armour {unknown}
 u - a scroll of blinking {unknown}
 y - a scroll of revelation {unknown}
 A - a scroll of poison {unknown}
Potions
 d - a potion of brilliance {unknown}
 n - a potion of mutation {unknown}
 r - 2 potions of cancellation {unknown}
 s - a potion of heal wounds {unknown}
 t - a potion of curing {unknown}
 x - a potion of lignification {unknown}
 B - a potion of might {unknown}


   Skills:
 * Level 4.5 Fighting
 - Level 2.8 Dodging
 - Level 2.1 Stealth
 * Level 4.9 Spellcasting
 * Level 4.9 Conjurations
 * Level 4.9 Hexes
 * Level 4.9 Summonings
 * Level 4.9 Necromancy
 * Level 4.9 Translocations
 * Level 4.9 Transmutations
 * Level 4.9 Fire Magic
 * Level 4.9 Ice Magic
 * Level 4.9 Air Magic
 * Level 4.9 Earth Magic
 * Level 4.9 Poison Magic


You knew the following spells:

 Your Spells              Type           Power      Damage    Failure   Level
a - Shock                 Conj/Air       92%        1d8       1%          1
b - Momentum Strike       Conj/Tloc      46%        3d9       2%          2
d - Static Discharge      Conj/Air       46%        3-5/arc   2%          2
e - Apportation           Tloc           46%        N/A       1%          1
i - Call Imp              Summ           46%        N/A       2%          2
z - Airstrike             Air            11%        2d(2-18)  17%         4
M - Swiftness             Air            23%        N/A       4%          3
Your spell library was empty.

Dungeon Overview and Level Annotations

Branches:
Dungeon (5/15)
 Temple: D:4-7

Altars:
Trog
Xom

Shops:
D:1 =


Innate Abilities, Weirdness & Mutations

You are immune to sickness and miasma.
You are immune to poison.
Your flesh is very heat resistant. (rF++)
You are vulnerable to cold. (rC-)
You float through the air rather than walking.
You learn spells naturally, not from books.
Your magical power is your life essence.
You have superior vitality. (+4 MHP)


Message History

Casting: Shock (safe; 1% risk of failure)
Confirm with . or Enter, or press ? or * to list all spells.
Aiming: Shock (safe; 1% risk of failure)
Press: ? - help, Shift-Dir - straight line The zap hits the hornet zombie.
The hornet zombie is heavily damaged.
The zap hits the hornet zombie!
The hornet zombie is severely damaged.
The hornet zombie closely misses you.
The hornet zombie hits you but does no damage.
Casting: Shock (safe; 1% risk of failure)
Confirm with . or Enter, or press ? or * to list all spells.
Aiming: Shock (safe; 1% risk of failure)
Press: ? - help, Shift-Dir - straight line The zap hits the hornet zombie.
The hornet zombie is severely damaged.
The zap hits the hornet zombie.
The hornet zombie is severely damaged.
* * * LOW HITPOINT WARNING * * *
The hornet zombie hits you!
* * * LOW HITPOINT WARNING * * *
Casting: Shock (safe; 1% risk of failure)
Confirm with . or Enter, or press ? or * to list all spells.
Aiming: Shock (safe; 1% risk of failure)
Press: ? - help, Shift-Dir - straight line The zap hits the hornet zombie but does no damage.
The hornet zombie is severely damaged.
The zap hits the hornet zombie.
The hornet zombie is severely damaged.
* * * LOW HITPOINT WARNING * * *
The hornet zombie hits you but does no damage.
Casting: Shock (safe; 1% risk of failure)
Confirm with . or Enter, or press ? or * to list all spells.
Aiming: Shock (safe; 1% risk of failure)
Press: ? - help, Shift-Dir - straight line The zap misses the hornet zombie.
The zap hits the hornet zombie.
The hornet zombie is almost destroyed.
* * * LOW HITPOINT WARNING * * *
The hornet zombie hits you!
You die...

###### ###.##### #.#
##### ###.#
#...####...##
....##......######
#...##.#>........#
##.##........#8#.#
##...........###'#
...##........# #@#
#..###.#....##.Z.'.#
#..# #.#....####.###
#..# #.#....# +.+
#..# #......# #.# ##
#..# ### ...# +.+ #.
#..# #.# # #. ...#
+.+ #. #. ..####
#..##########.


You could see a hornet zombie.

Vanquished Creatures
  An ice beast (D:5)
  A phantom (D:4)
  A bullfrog (D:4)
  A scorpion (D:5)
  2 orc wizards (D:5)
  3 iguanas
  A mummy (D:5)
  4 adders
  A dart slug (D:2)
  2 orcs (D:5)
  3 bats (D:1)
  13 endoplasms
  2 giant cockroaches
  5 goblins
  10 hobgoblins
  6 jackals
  5 quokkas
  4 ball pythons
  A frilled lizard (D:1)
  3 kobolds
  4 rats
73 creatures vanquished.

Notes
Turn   | Place    | Note
-------+----------+-------------------------------------------
     0 | D:1      | MakMorn the Djinni Air Elementalist began the quest for the
                  | Orb.
     0 | D:1      | MakMorn set off with the following spells memorised: Shock,
                  | Static Discharge, Swiftness, Airstrike.
     0 | D:1      | Reached XP level 1. HP: 15/15 MP: 0/0
   244 | D:1      | Reached XP level 2. HP: 14/21 MP: 0/0
   465 | D:1      | Reached XP level 3. HP: 23/25 MP: 0/0
   465 | D:1      | Learned a level 1 spell: Apportation
   714 | D:1      | Found Omocle's One-of-a-Kind Rings.
  1018 | D:2      | Reached skill level 1 in Fighting
  1101 | D:2      | Reached XP level 4. HP: 26/32 MP: 0/0
  2456 | D:4      | Reached XP level 5. HP: 26/38 MP: 0/0
  2456 | D:4      | Learned a level 2 spell: Momentum Strike
  2784 | D:4      | Found a shimmering altar of Xom.
  2784 | D:4      | Found a shimmering altar of Xom.
  2787 | D:4      | Found a shimmering altar of Xom.
  2788 | D:4      | Found a shimmering altar of Xom.
  2851 | D:4      | Noticed a phantom
  2862 | D:4      | Killed a phantom
  2863 | D:4      | Reached XP level 6. HP: 35/46 MP: 0/0
  3309 | D:5      | Entered Level 5 of the Dungeon
  3347 | D:5      | Found a bloodstained altar of Trog.
  3565 | D:5      | Noticed an ice beast
  3610 | D:5      | Killed an ice beast
  3611 | D:5      | Reached XP level 7. HP: 46/52 MP: 0/0
  3611 | D:5      | Learned a level 2 spell: Call Imp
  3868 | D:5      | Identified the +1 chain mail of the Kitsune {Drain rElec
                  | Int-2 Dex+9}
  4193 | D:5      | Mangled by a hornet zombie

Illustrated notes

Levels and vault maps discovered:
D:1:      psy_arrival_dodecagon, layout_loops_ring, corexii_corridor_pit,
          nicolae_shop_unique_rings, hangedman_decor_growths
D:2:      layout_loops_cross, nicolae_kite_square_tiling_tiny
D:3:      layout_basic
D:4:      layout_basic, xom_redecorated
D:5:      layout_loops_corners, lemuel_round_altar,
          lemuel_mausoleum_altar_yredelemnul, minmay_misc_feat_columns

Skill      XL: |  1  2  3  4  5  6 |
---------------+-------------------+-----
Spellcasting   | 4 |  4.9
Conjurations   | 4 |  4.9
Hexes          | 4 |  4.9
Summonings     | 4 |  4.9
Necromancy     | 4 |  4.9
Translocations | 4 |  4.9
Transmutations | 4 |  4.9
Fire Magic     | 4 |  4.9
Ice Magic      | 4 |  4.9
Air Magic      | 4 |  4.9
Earth Magic    | 4 |  4.9
Poison Magic   | 4 |  4.9
Stealth        | 2 |  2.1
Fighting       | 1 2 3 4 |  4.5
Dodging        | |  2.8

Action                     |  1- 3 |  4- 6 |  7- 9 || total
---------------------------+-------+-------+-------++-------
   Cast: Shock             |    75 |    96 |    32 ||   203
         Airstrike         |       |     1 |     1 ||     2
 Armour: Robe              |     6 |    16 |    10 ||    32
  Dodge: Dodged            |     7 |    18 |    10 ||    35

Table legend: (Time is in decaauts)
 A = Elapsed time spent in this place.
 B = Non-inter-level travel time spent in this place.
 C = Inter-level travel time spent in this place.
 D = Time resting spent in this place.
 E = Time spent auto-exploring this place.
 F = Levels seen in this place.
 G = Mean time per level.
                   A        B        C        D        E       F      G
               +--------+--------+--------+--------+--------+-----+--------+
         Total |   4193 |   3755 |    438 |    106 |   3134 |   5 |  838.6 |
       Dungeon |   4193 |   3755 |    438 |    106 |   3134 |   5 |  838.6 |
               +--------+--------+--------+--------+--------+-----+--------+

Top non-repeatable levels by time:
     D:4: 1012 daAuts
     D:1: 927 daAuts
     D:2: 772 daAuts
     D:5: 766 daAuts
     D:3: 714 daAuts
